 Dungeon Crawl Stone Soup version 0.20-a0-277-g7db01f4 (webtiles) character file.

1873 vatarom the Covered (level 8, -3/61 HPs)
             Began as a Demonspawn Gladiator on Oct 31, 2016.
             Was a Believer of Yredelemnul.
             Slain by heinrich's ghost (37 damage)
             ... on level 7 of the Dungeon on Dec 11, 2016.
             The game lasted 00:12:47 (6799 turns).

vatarom the Covered (Demonspawn Gladiator)          Turns: 6799, Time: 00:12:47

Health: -3/61      AC: 15    Str: 21    XL:     8   Next: 91%
Magic:  11/11      EV: 15    Int: 11    God:    Yredelemnul [**....]
Gold:   232        SH:  0    Dex: 14    Spells: 7/7 levels left

rFire  . . .     SeeInvis .     b - +2 hand axe (venom)
rCold  . . .     Gourm    .     e - +0 chain mail
rNeg   . . .     Faith    .     (no shield)
rPois  .         Spirit   .     (helmet restricted)
rElec  .         Reflect  .     m - +0 cloak
rCorr  .         Harm     +     (no gloves)
MR     .....                    (no boots)
Stlth  ..........               i - amulet of harm
                                j - +3 ring of evasion
                                k - +2 ring of evasion

@: mighty
A: antennae 2, thin metallic scales 2
a: Animate Remains, Recall Undead Slaves, Injury Mirror, Renounce Religion


You were on level 7 of the Dungeon.
You worshipped Yredelemnul.
Yredelemnul was pleased with you.
You were not hungry.

You visited 2 branches of the dungeon, and saw 8 of its levels.
You also visited: Sewer.

You collected 232 gold pieces.

Inventory:

Hand Weapons
 b - a +2 hand axe of venom (weapon)
Missiles
 d - 3 throwing nets (quivered)
Armour
 e - a +0 chain mail (worn)
 m - a +0 cloak (worn)
Jewellery
 a - an uncursed ring of positive energy
 i - an amulet of harm (around neck)
 j - a +3 ring of evasion (right hand)
 k - a +2 ring of evasion (left hand)
 v - an uncursed amulet of magic regeneration
Wands
 l - a wand of lightning (6/15)
 u - a wand of lightning (7/15)
Scrolls
 g - a scroll of amnesia
 h - 2 scrolls of teleportation
 n - 10 scrolls of identify
 p - 3 scrolls of fog
 r - a scroll of recharging
Potions
 c - a potion of lignification
 q - 7 potions of curing
 s - 2 potions of brilliance
 x - a potion of heal wounds
Books
 y - a book of Geomancy

   Spells                             Type                      Level
   a - Sandblast                      Earth                        1
   b - Passwall                       Transmutation/Earth          2
   c - Stone Arrow                    Conjuration/Earth            3
   d - Petrify                        Transmutation/Earth          4
   e - Lee's Rapid Deconstruction     Earth                        5
 z - a book of Callings

   Spells                             Type                      Level
   a - Summon Small Mammal            Summoning                    1
   b - Call Imp                       Summoning                    2
   c - Call Canine Familiar           Summoning                    3
   d - Summon Guardian Golem          Hexes/Summoning              3
   e - Summon Lightning Spire         Summoning/Air                4
   f - Summon Ice Beast               Ice/Summoning                4
Comestibles
 f - 4 bread rations
 o - 11 fruits
 w - a beef jerky


   Skills:
 - Level 4.6 Fighting
 + Level 3.9 Axes
 - Level 1.9 Throwing
 - Level 7.6 Armour
 - Level 4.6 Dodging
 - Level 0.4 Stealth
 * Level 4.7 Invocations


You had 7 spell levels left.
You didn't know any spells.

Dungeon Overview and Level Annotations

Branches:
Dungeon (7/15)             Temple (1/1) D:6

Altars:
Cheibriados
Elyvilon
Fedhas
Kikubaaqudgha
Makhleb
Qazlal
Ru
Sif Muna
Trog
Xom
Yredelemnul
The Shining One

Annotations:
D:7 heinrich's ghost, novice OgHu


Innate Abilities, Weirdness & Mutations

You have a pair of antennae on your head.
You are mostly covered in thin metallic scales. (AC +3)


Message History

Done exploring.
(D) Dungeon (T) Temple
Where to? (Enter - D:6, ? - help)
You see here a robe.
There is a stone staircase leading down here.
You climb downwards.
There is a stone staircase leading up here.
Okay, then.
You enter a teleport trap!
The teleport trap disappears.
Your surroundings suddenly seem different.
Heinrich's ghost (novice Ogre Hunter) comes into view.
Heinrich's ghost turns its malevolent gaze towards you.
Found a spear.
Heinrich's ghost is nearby!
You feel very mighty all of a sudden.
You miss heinrich's ghost. Heinrich's ghost hits you!!
You closely miss heinrich's ghost. Heinrich's ghost hits you!!
Ouch! That really hurt!
You die...
Your body rises from the dead as a mindless zombie.

#.# #.#
##### .#
######...###
...........
........#
......#
#.W.###.##
#.##@.......
#........)##
#########.#


You could see heinrich's ghost.

Vanquished Creatures
  The ghost of heinrich the Chucker, an amateur OgHu of Ru (D:3)
  Edmund (D:4)
  A water moccasin (D:6)
  An orc warrior (D:6)
  A phantom (D:4)
  3 ogres
  3 wights (D:6)
  A howler monkey (D:6)
  3 centaur skeletons
  2 orc priests (D:6)
  A bullfrog skeleton (D:4)
  Jessica (D:3)
  2 orc wizards
  2 worker ants
  Terence (D:3)
  9 adders
  A gnoll (D:1)
  A river rat (Sewer)
  A shadow imp (D:6)
  3 worms
  A dart slug (D:4)
  8 leopard geckos
  17 orcs
  3 bats
  7 giant cockroaches
  13 hobgoblins
  9 jackals
  2 quokkas
  2 ball pythons
  11 frilled lizards
  8 goblins
  14 kobolds
  A leopard gecko zombie (D:6)
  A quokka skeleton (D:6)
  2 quokka zombies
  7 rats
  A spectral orc (D:4)
146 creatures vanquished.

Vanquished Creatures (collateral kills)
  Menkaure (D:5)
  An orc warrior (D:6)
  2 wights (D:6)
  An orc priest (D:6)
  2 hound skeletons (D:6)
7 creatures vanquished.

Vanquished Creatures (others)
  A worker ant zombie (D:6)
1 creature vanquished.

Grand Total: 154 creatures vanquished

Notes
Turn   | Place    | Note
-------+----------+-------------------------------------------
     0 | D:1      | vatarom the Demonspawn Gladiator began the quest for the Orb.
     0 | D:1      | Reached XP level 1. HP: 16/16 MP: 1/1
   117 | D:1      | Gained mutation: You are partially covered in thin metallic scales. (AC +2) [demonic ancestry]
   117 | D:1      | Reached XP level 2. HP: 11/22 MP: 2/2
   282 | D:1      | Upgraded the game from 0.20-a0-4-gd166d5d to 0.20-a0-277-g7db01f4
   579 | D:1      | Found a glowing golden altar of the Shining One.
   763 | D:1      | Gained mutation: You have a pair of small antennae on your head. [demonic ancestry]
   763 | D:1      | Reached XP level 3. HP: 26/27 MP: 3/3
  2039 | D:3      | Noticed heinrich's ghost (amateur OgHu)
  2071 | D:3      | HP: 1/29 [heinrich's ghost (2)]
  2072 | D:3      | Killed heinrich's ghost
  2072 | D:3      | Gained mutation: You are mostly covered in thin metallic scales. (AC +3) [demonic ancestry]
  2072 | D:3      | Reached XP level 4. HP: 2/38 MP: 4/4
  2072 | D:3      | Gained mutation: You have a pair of antennae on your head. [demonic ancestry]
  2072 | D:3      | Reached XP level 5. HP: 2/43 MP: 5/5
  2072 | D:3      | Reached XP level 6. HP: 2/49 MP: 6/6
  2394 | D:3      | Noticed Terence
  2731 | D:3      | Killed Terence
  2731 | D:3      | Reached skill level 1 in Armour
  2808 | D:3      | Noticed Jessica
  2809 | D:3      | Reached skill level 2 in Armour
  2820 | D:3      | Killed Jessica
  3710 | D:4      | Reached skill level 3 in Armour
  3710 | D:4      | Reached XP level 7. HP: 51/55 MP: 7/7
  3893 | D:4      | Reached skill level 4 in Armour
  4013 | D:4      | Noticed Edmund
  4027 | D:4      | Killed Edmund
  4241 | D:4      | Found a basalt altar of Yredelemnul.
  4252 | D:4      | Became a worshipper of Yredelemnul the Dark
  4289 | D:4      | Found a glowing drain.
  4300 | Sewer    | Entered a sewer
  4406 | Sewer    | Reached skill level 5 in Armour
  4579 | Sewer    | Reached * piety under Yredelemnul
  4642 | D:5      | Entered Level 5 of the Dungeon
  4919 | D:5      | Noticed Menkaure
  4925 | D:5      | Killed Menkaure
  4925 | D:5      | Reached skill level 6 in Armour
  4925 | D:5      | Reached XP level 8. HP: 25/61 MP: 8/8
  5548 | D:6      | Reached skill level 7 in Armour
  5820 | D:6      | Found a staircase to the Ecumenical Temple.
  5833 | Temple   | Entered the Ecumenical Temple
  6247 | D:6      | Reached skill level 1 in Invocations
  6370 | D:6      | Found a white marble altar of Elyvilon.
  6444 | D:6      | Found a bloodstained altar of Trog.
  6527 | D:6      | Reached ** piety under Yredelemnul
  6795 | D:7      | Noticed heinrich's ghost (novice OgHu)
  6799 | D:7      | Slain by heinrich's ghost

Vault maps used:
D:1:      saegor_arrival_simple_e, tso_altar
D:3:      first_bread, uniq_jessica, uniq_terence
D:4:      yredelemnul_forgotten_temple_becter, gup_sewer_entry_pipe, uniq_edmund
D:5:      uniq_menkaure
D:6:      bloody_trog, basic_altar, patterned_corridor
D:7:      lemuel_doored_altar, kennysheep_mini,
          chequers_temple_overflow_statue_of_worship
Temple:   nicolae_temple_figure_zero
Sewer:    sewer_co_cracked_pipes

Skill      XL: |  1  2  3  4  5  6  7  8 |
---------------+-------------------------+-----
Dodging        | 3 4 |  4.6
Fighting       | 4 |  4.6
Armour         | 3 6 7 |  7.6
Axes           | 3 |  3.9
Invocations    | 4 |  4.7
Throwing       | |  1.9
Stealth        | |  0.4

Action                   |  1- 3 |  4- 6 |  7- 9 || total
-------------------------+-------+-------+-------++-------
Melee: War axe           |   182 |    67 |       ||   249
       Hand axe          |       |    51 |   292 ||   343
Invok: Animate Remains   |       |       |     9 ||     9
  Use: Scroll            |     5 |       |     5 ||    10
       Potion            |     6 |     2 |     5 ||    13
 Stab: Sleeping          |     2 |       |       ||     2
       Distracted        |       |       |     1 ||     1
  Eat: Chunk             |     2 |       |     2 ||     4
       Pizza             |     1 |       |       ||     1
       Fruit             |       |     2 |       ||     2
       Meat ration       |       |     1 |       ||     1
       Bread ration      |       |       |     3 ||     3
Armor: Leather armour    |    49 |       |       ||    49
       Skin              |     3 |       |       ||     3
       Chain mail        |       |    79 |    93 ||   172
Dodge: Dodged            |   138 |    83 |   210 ||   431
